 Dungeon Crawl Stone Soup version 0.23-a0-713-ge59bbb1 (webtiles) character file.

157430 DrEnzyme the Warrior (level 17, -12/154 HPs)
             Began as a Mummy Wanderer on Jan 14, 2019.
             Was an Initiate of Gozag.
             Mangled by a fire giant
             ... wielding a +0 great sword of flaming
              (23 damage)
             ... on level 1 of the Depths on Jan 15, 2019.
             The game lasted 04:20:41 (62253 turns).

DrEnzyme the Warrior (Mummy Wanderer)              Turns: 62253, Time: 04:20:44

Health: -12/154    AC: 26    Str: 21    XL:     17   Next: 12%
Magic:  39/39      EV: 14    Int: 14    God:    Gozag
Gold:   991        SH:  0    Dex: 13    Spells: 22/35 levels left

rFire    . . .     SeeInvis +   D - +1 scimitar (flame)
rCold    + . .     Gourm    .   (no shield)
rNeg     + + +     Faith    .   t - +10 scale mail "Miume" {rC+ MP+9}
rPois    ∞         Spirit   .   H - +0 helmet {SInv}
rElec    .         Reflect  .   Y - +2 cloak {MR+}
rCorr    .         Harm     .   G - +1 pair of gloves
MR       +++..                  F - +2 pair of boots
Stlth    +.........             V - amulet of regeneration
HPRegen  0.75/turn              x - +5 ring of evasion
MPRegen  0.26/turn              d - ring of Zepluawk {Fire rN+ Dex+3}

@: no status effects
A: no food or potions, fire vulnerability, cold resistance 1, negative energy
resistance 3, torment resistance, unbreathing, in touch with death 1
a: Potion Petition, Call Merchant, Bribe Branch, Renounce Religion


You were on level 1 of the Depths.
You worshipped Gozag.
Gozag was pleased with you.
You were not hungry.

You visited 8 branches of the dungeon, and saw 28 of its levels.

You collected 10842 gold pieces.
You spent 3671 gold pieces at shops.
You paid 6180 gold pieces to Gozag.

Inventory:

Hand Weapons
 a - a +9 battleaxe of chopping
 b - a +4 hand crossbow
 c - a +0 blowgun
 s - the +7 short sword "Aschenera" {pierce, rF+}
   (You found it on level 2 of the Lair of Beasts)

   It inflicts extra damage upon your enemies.
   It protects you from fire.
 D - a +1 scimitar of flaming (weapon)
 K - a +5 halberd of protection
Missiles
 m - 46 poisoned needles
 o - 2 needles of paralysis
 r - 5 curare-tipped needles
 v - 5 javelins (quivered)
 z - 178 bolts
 A - 3 needles of confusion
 N - a steel tomahawk
 O - 2 tomahawks of returning
 P - 7 tomahawks
Armour
 e - a +0 shield
 j - the +3 hat of Pondering {ponderous, MR+ MP+10 Int+5}
   (You took it off Gastronok on level 1 of the Lair of Beasts)

   It affects your intelligence (+5).
   It affects your resistance to hostile enchantments.
   It affects your magic capacity (+10).
 t - the +10 scale mail "Miume" (worn) {rC+ MP+9}
   (You bought it in a shop on level 11 of the Dungeon)

   It protects you from cold.
   It affects your magic capacity (+9).
 F - a +2 pair of boots (worn)
 G - a +1 pair of gloves (worn)
 H - a +0 helmet of see invisible (worn)
 Y - a +2 cloak of magic resistance (worn)
Jewellery
 d - the ring of Zepluawk (right hand) {Fire rN+ Dex+3}
   (You bought it in a shop on level 9 of the Dungeon)

   [ring of fire]

   It enhances your fire magic.
   It affects your dexterity (+3).
   It protects you from fire.
   It makes you vulnerable to cold.
   It protects you from negative energy.
 g - an uncursed ring of flight
 k - the ring of Circularity {rC+ MP+9 Stlth+}
   (You found it on level 15 of the Dungeon)

   [ring of magical power]

   It protects you from cold.
   It affects your magic capacity (+9).
   It makes you more stealthy.
 u - an uncursed amulet of the acrobat
 x - a +5 ring of evasion (left hand)
 y - the ring "Wuqadi" {+Blink rN+ AC+2 Dex-3}
   (You bought it in a shop on level 13 of the Dungeon)

   [ring of protection]

   It affects your AC (+2).
   It affects your dexterity (-3).
   It protects you from negative energy.
   It lets you blink.
 C - the amulet "Kychel" {Acrobat rN+ MR+ Int+4}
   (You bought it in a shop on level 9 of the Dungeon)

   [amulet of the acrobat]

   It helps you evade while moving and waiting.
   It affects your intelligence (+4).
   It protects you from negative energy.
   It affects your resistance to hostile enchantments.
 V - an amulet of regeneration (around neck)
Wands
 h - a wand of random effects (7)
 p - a wand of paralysis (12)
 E - a wand of polymorph (8)
 Z - a wand of iceblast (18)
Scrolls
 f - 3 scrolls of fog
 i - 7 scrolls of identify
 l - 3 scrolls of amnesia
 n - 2 scrolls of teleportation
 q - 15 scrolls of remove curse
 w - 6 scrolls of immolation
 B - a scroll of silence
 I - a scroll of acquirement {unknown}
 R - 3 scrolls of blinking
 W - 2 scrolls of magic mapping


   Skills:
 * Level 19.7 Fighting
 + Level 12.7(12.8) Axes
 - Level 1.5(8.5) Polearms
 - Level 10.0 Crossbows
 - Level 7.2 Throwing
 - Level 2.4 Armour
 - Level 3.0 Stealth
 - Level 4.4 Shields
 + Level 9.8 Spellcasting
 + Level 3.0 Summonings
 - Level 1.0 Necromancy


You had 22 spell levels left.
You knew the following spells:

 Your Spells              Type           Power        Failure   Level  Hunger
a - Summon Lightning Spi  Summ/Air       ##......     83%         4    N/A
b - Confusing Touch       Hex            #.....       28%         1    N/A
c - Call Imp              Summ           ###.....     12%         2    N/A
d - Animate Skeleton      Necr           N/A          19%         1    N/A
e - Sticks to Snakes      Tmut           #.......     41%         2    N/A
f - Apportation           Tloc           #.....       28%         1    N/A
g - Blink                 Tloc           N/A          41%         2    N/A

Your spell library contained the following spells:

 Spells                   Type           Power        Failure   Level  Hunger
 Summon Small Mammal      Summ           ###.         9%          1    N/A
 Call Canine Familiar     Summ           ###.....     24%         3    N/A
 Freeze                   Ice            #...         28%         1    N/A
 Infusion                 Chrm           #...         28%         1    N/A
 Magic Dart               Conj           #...         28%         1    N/A
 Sandblast                Erth           #.....       28%         1    N/A
 Passwall                 Tmut/Erth      #.......     41%         2    N/A
 Slow                     Hex            #.......     41%         2    N/A
 Throw Frost              Conj/Ice       #.....       41%         2    N/A
 Summon Guardian Golem    Hex/Summ       ##......     43%         3    N/A
 Conjure Flame            Conj/Fire      ##......     65%         3    N/A
 Ignite Poison            Fire/Tmut/Pois ##......     65%         3    N/A
 Mephitic Cloud           Conj/Pois/Air  #.......     65%         3    N/A
 Ozocubu's Armour         Chrm/Ice       #.......     65%         3    N/A
 Spectral Weapon          Hex/Chrm       #.......     65%         3    N/A
 Stone Arrow              Conj/Erth      #.....       65%         3    N/A
 Summon Ice Beast         Ice/Summ       ##......     83%         4    N/A
 Cause Fear               Hex            #.........   96%         4    N/A
 Petrify                  Tmut/Erth      #.......     96%         4    N/A
 Throw Icicle             Conj/Ice       #.......     96%         4    N/A
 Excruciating Wounds      Chrm/Necr      ##........   100%        5    N/A
 Lee's Rapid Deconstruct  Erth           #.........   100%        5    N/A
 Silence                  Hex/Air        #.........   100%        5    N/A
 Yara's Violent Unravell  Hex/Tmut       #.........   100%        5    N/A
 Deflect Missiles         Chrm/Air       #.........   100%        6    N/A
 Discord                  Hex            #.........   100%        8    N/A

Dungeon Overview and Level Annotations

Branches:
Dungeon (15/15)            Temple (0/1) D:7            Lair (6/6) D:9
  Swamp (1/4) Lair:3       Spider (1/4) Lair:4        Slime (1/5) Lair:6
    Orc (2/2) D:9             Elf (1/3) Orc:2        Vaults (0/5) D:13
 Depths (1/5) D:15

Altars:
Cheibriados
Fedhas
Gozag
Kikubaaqudgha
Ru
Sif Muna
Trog
Vehumet
Zin
The Shining One
Beogh

Shops:
D:2 *   D:6 %   D:8 *   D:9 =   D:10 %   D:11 [   D:13 =   Orc:2 =?=:

Portals:
Ziggurat: Depths:1

Annotations:
D:3 exclusion: 2 downstairs
D:8 exclusions: door and downstairs
Lair:1 exclusions: fire dragon and 1 more exclusion
Lair:2 exclusion: oklob plant
Swamp:1 1 runed door, exclusion: door, Silverhawk's ghost, journeyman DDFi
Orc:1 exclusion: 3 downstairs


Innate Abilities, Weirdness & Mutations

You do not eat or drink.
Your flesh is vulnerable to fire.
You are immune to poison.
Your flesh is cold resistant. (rC+)
You are immune to negative energy. (rN+++)
You are immune to unholy pain and torment.
You can survive without breathing.
You are in touch with the powers of death.


Message History

You hit the fire giant.
The fire giant is heavily wounded.
The fire giant points at you and mumbles some strange words.
The fireball explodes!
The fireball engulfs you!
The fireball engulfs the fire giant.
The fire giant resists.
You hit the fire giant but do no damage.
The fire giant is heavily wounded.
The fire giant hits you but does no damage.
You hit the fire giant.
The fire giant is heavily wounded.
The fire giant points at you and mumbles some strange words.
The bolt of fire hits you!
You completely miss the fire giant.
The fire giant is heavily wounded.
The fire giant gestures at you while chanting.
The bolt of fire hits you!
* * * LOW HITPOINT WARNING * * *
The fire giant hits you with a +0 great sword of flaming!!
You die...
Your body crumbles into a pile of gold.

..# #.# #.# #.# #.#
#### #.# #.#####...
#.#. #.........
#.#.### #.........
#.#...# #.........
#.###.#.###..###....
#..@C.#......# #....
#.#########..# #>...
#.# #...# #.... #.#
#...###...# #.#
#...'..##)# #.#
#...#.....# #.#
##.##......
#.#########.##.#####
#...........##....##


You could see a fire giant.

Vanquished Creatures
  Rupert (Orc:2)
  A thorn hunter (Lair:3)
  Gastronok (Lair:1)
  Donald (Orc:1)
  An azure jelly (Slime:1)
  A deep elf sorcerer (Elf:1)
  A stone giant (Depths:1)
  Nessos (Lair:4)
  3 very ugly things (Depths:1)
  Josephine (Lair:4)
  Fannar (Lair:1)
  2 yaktaur captains
  2 great orbs of eyes
  Erolcha (D:11)
  5 hydras
  A catoblepas (Lair:6)
  7 centaur warriors
  A shambling mangrove (Swamp:1)
  16 two-headed ogres
  A deep troll shaman (Lair:5)
  Urug (Lair:4)
  4 ogre magi
  3 orc high priests
  2 tengu warriors
  9 death yaks
  An alligator (Swamp:1)
  4 deep elf knights (Elf:1)
  Sonja (Orc:1)
  9 skeletal warriors
  A swamp dragon (Swamp:1)
  2 unseen horrors
  A deep elf archer (Elf:1)
  5 lindwurms
  21 deep elf magi
  15 ugly things
  3 orb spiders (Spider:1)
  An orc knight (D:13)
  2 wolf spiders
  3 orc sorcerers
  2 cyclopes (D:14)
  A shining eye (Lair:6)
  A cyclops (shapeshifter) (Elf:1)
  4 oklob plants (Lair:6)
  A manticore (D:14)
  11 elephants
  Psyche (D:11)
  3 black mambas
  An ice statue (D:9)
  2 guardian serpents (D:15)
  10 spiny frogs
  3 gargoyles
  5 rime drakes
  8 komodo dragons
  5 yaktaurs
  3 demonic crawlers
  2 efreet (D:14)
  3 kobold demonologists
  6 trolls
  3 tengu conjurers
  8 jumping spiders
  A polar bear (Lair:6)
  28 slime creatures
  2 tyrant leeches
  12 blink frogs
  2 hornets
  3 bog bodies
  10 hippogriffs
  A meliai zombie (D:11)
  13 dream sheep (Lair:6)
  6 tarantellas
  6 redbacks
  45 yaks
  3 water elementals (Elf:1)
  A hog (D:7)
  4 hungry ghosts
  6 wraiths
  3 wyverns
  A fire elemental (Elf:1)
  A human (D:8)
  11 wargs
  6 vampire mosquitoes
  5 swamp worms
  14 water moccasins
  7 porcupines
  3 swamp drakes (Swamp:1)
  31 orc warriors
  6 ice beasts
  4 sky beasts
  A black bear (D:9)
  A necrophage (D:5)
  An eye of draining (D:13)
  40 ogres
  4 phantoms
  A boggart (D:13)
  12 wolves
  20 centaurs
  8 crocodiles
  9 big kobolds
  An earth elemental (Elf:1)
  19 bullfrogs
  A wyvern zombie (D:14)
  A wyvern skeleton (D:12)
  A scorpion (D:8)
  9 wights
  An electric eel (Lair:4)
  3 howler monkeys
  10 crimson imps
  4 jellies
  5 bullfrog zombies
  5 centaur zombies
  4 bullfrog skeletons
  20 orc priests
  10 hounds
  23 orc wizards
  10 centaur skeletons
  4 iguanas
  10 worker ants
  A killer bee zombie (D:9)
  2 howler monkey zombies
  7 adders
  5 shadow imps
  A white imp (Depths:1)
  An ooze (D:5)
  2 adder skeletons
  3 worms
  4 dart slugs
  2 leopard geckos
  83 orcs
  12 giant cockroaches
  8 goblins
  5 hobgoblins
  16 jackals
  8 quokkas
  7 bats
  9 frilled lizards
  16 kobolds
  2 quokka skeletons
  4 rats
  3 briar patches (Lair:3)
  11 fungi
  A plant (Lair:5)
906 creatures vanquished.

Vanquished Creatures (collateral kills)
  A stone giant (Orc:1)
  A hydra (Lair:3)
  A yak (Lair:1)
  2 swamp worms (Lair:3)
  An orc (Orc:1)
6 creatures vanquished.

Vanquished Creatures (others)
  8 dancing weapons
  A tengu conjurer (Depths:1)
  An ogre (Orc:1)
  A water elemental (Elf:1)
  A swamp worm (Lair:3)
  2 orc wizards
  An adder (D:6)
  2 briar patches (Lair:3)
  2 bushes
  15 fungi
  15 plants
49 creatures vanquished.

Grand Total: 961 creatures vanquished

Notes
Turn   | Place    | Note
-------+----------+-------------------------------------------
     0 | D:1      | DrEnzyme the Mummy Wanderer began the quest for the Orb.
     0 | D:1      | DrEnzyme set off with the following items: a +2 spear, a +0
                  | hand crossbow, 31 bolts, a +0 ring mail
     0 | D:1      | Reached XP level 1. HP: 15/15 MP: 1/1
   265 | D:1      | Reached XP level 2. HP: 21/21 MP: 2/2
   917 | D:2      | Reached skill level 2 in Fighting
   917 | D:2      | Reached XP level 3. HP: 26/27 MP: 3/3
   994 | D:2      | Found Zin's Purification Station.
   995 | D:2      | Found a glowing silver altar of Zin.
  1482 | D:3      | Reached XP level 4. HP: 34/34 MP: 4/4
  1512 | D:3      | Found a snail-covered altar of Cheibriados.
  1712 | D:3      | Found an opulent altar of Gozag.
  1734 | D:3      | Became a worshipper of Gozag Ym Sagoz the Greedy
  2109 | D:3      | Found a deep blue altar of Sif Muna.
  2112 | D:3      | Found a bloodstained altar of Trog.
  2115 | D:3      | Found a sacrificial altar of Ru.
  2873 | D:4      | Reached XP level 5. HP: 29/40 MP: 5/5
  2907 | D:4      | Noticed a phantom
  3089 | D:4      | Reached skill level 3 in Fighting
  3368 | D:5      | Entered Level 5 of the Dungeon
  3407 | D:5      | Reached XP level 6. HP: 47/47 MP: 6/6
  3663 | D:5      | Reached skill level 5 in Crossbows
  3726 | D:5      | Noticed a sky beast
  3736 | D:5      | You fall through a shaft!
  3744 | D:6      | Reached skill level 4 in Fighting
  3778 | D:6      | Found a glowing golden altar of the Shining One.
  3967 | D:5      | Reached XP level 7. HP: 48/54 MP: 7/7
  5181 | D:6      | Reached skill level 5 in Fighting
  5495 | D:6      | Found Derhana's Food Shoppe.
  5735 | D:6      | Reached XP level 8. HP: 63/63 MP: 8/8
  6519 | D:6      | Reached skill level 6 in Fighting
  6651 | D:7      | Reached skill level 1 in Throwing
  7805 | D:6      | Reached skill level 7 in Fighting
  8384 | D:7      | Found a staircase to the Ecumenical Temple.
  8586 | D:8      | Found Weunla's Assorted Antiques.
  8589 | D:8      | Reached XP level 9. HP: 72/72 MP: 9/9
  8689 | D:8      | Noticed a brown ugly thing
  9005 | D:8      | Bought a scroll of identify for 60 gold pieces
  9005 | D:8      | Bought a scroll labeled OXELALUOLOO for 30 gold pieces
  9198 | D:8      | Reached skill level 8 in Fighting
  9233 | D:8      | Bought a scroll labeled QERUHU BEHOI for 30 gold pieces
  9298 | D:8      | Found a blossoming altar of Fedhas.
  9377 | D:8      | Noticed a two-headed ogre
  9845 | D:7      | Reached skill level 5 in Throwing
 10150 | D:8      | Reached skill level 9 in Fighting
 10224 | D:8      | Killed a two-headed ogre
 10224 | D:8      | Reached XP level 10. HP: 83/83 MP: 10/10
 11119 | D:9      | Found a staircase to the Lair.
 11635 | D:9      | Noticed an ice statue
 13645 | D:9      | Killed an ice statue
 13707 | D:9      | Reached skill level 10 in Fighting
 13927 | D:9      | Found a staircase to the Orcish Mines.
 14471 | D:10     | Entered Level 10 of the Dungeon
 15062 | D:10     | Reached skill level 11 in Fighting
 15434 | D:10     | Found Pustiyc's Food Shop.
 15808 | D:11     | Found Baun's Armour Boutique.
 16505 | D:11     | Noticed Erolcha
 16574 | Lair:1   | Entered Level 1 of the Lair of Beasts
 16606 | Lair:1   | Reached XP level 11. HP: 95/95 MP: 11/11
 16837 | Lair:1   | Noticed a fire dragon
 17177 | Lair:1   | Noticed Fannar
 17191 | Lair:1   | Killed Fannar
 17521 | Lair:1   | Noticed Gastronok
 17717 | Lair:2   | Reached skill level 12 in Fighting
 17754 | Lair:2   | Noticed an oklob plant
 18036 | Lair:2   | Noticed a death yak
 18195 | Lair:2   | Noticed a death yak
 18288 | Lair:1   | Killed Gastronok
 18871 | D:9      | Bought the amulet "Kychel" {Acrobat rN+ MR+ Int+4} for 662
                  | gold pieces
 18871 | D:9      | Bought an uncursed ring of fire for 300 gold pieces
 18880 | Orc:1    | Entered Level 1 of the Orcish Mines
 20012 | Orc:2    | Entered Level 2 of the Orcish Mines
 20012 | Orc:2    | Noticed a two-headed ogre
 20012 | Orc:2    | Noticed a two-headed ogre
 20012 | Orc:2    | Noticed a two-headed ogre
 20012 | Orc:2    | Noticed a two-headed ogre
 20492 | D:11     | Killed Erolcha
 20492 | D:11     | Reached skill level 10 in Crossbows
 20492 | D:11     | Reached XP level 12. HP: 103/103 MP: 12/12
 20546 | D:11     | Noticed Psyche
 20581 | D:11     | Killed Psyche
 21052 | D:11     | Bought the +10 scale mail "Miume" {rC+ MP+9} for 1390 gold
                  | pieces
 21255 | Lair:2   | Reached skill level 13 in Fighting
 21402 | Lair:1   | Killed a death yak
 21685 | Lair:1   | Killed a death yak
 21774 | Lair:2   | Noticed a death yak
 21826 | Lair:1   | Killed a death yak
 21883 | Lair:2   | Noticed a death yak
 21952 | Lair:1   | Killed a death yak
 21952 | Lair:1   | Reached skill level 1 in Spellcasting
 22224 | Lair:1   | Reached skill level 14 in Fighting
 22551 | Lair:2   | Got a scorched short sword
 22552 | Lair:2   | Identified the +7 short sword "Aschenera" {pierce, rF+}
                  | (You found it on level 2 of the Lair of Beasts)
 23703 | Lair:3   | Learned a level 4 spell: Summon Lightning Spire
 24251 | Lair:3   | Noticed a four-headed hydra
 24274 | Lair:3   | Killed a four-headed hydra
 24318 | Lair:2   | Reached skill level 15 in Fighting
 24353 | Lair:2   | Reached skill level 1 in Summonings
 24616 | Lair:2   | Upgraded the game from 0.23-a0-703-gdf2d5e0 to
                  | 0.23-a0-705-g0e654d2
 25122 | Lair:3   | Noticed an eight-headed hydra
 25126 | Lair:3   | Killed an eight-headed hydra
 25126 | Lair:3   | Gained mutation: You are in touch with the powers of death.
                  | [Mummy growth]
 25126 | Lair:3   | Reached XP level 13. HP: 90/116 MP: 17/17
 25465 | Orc:1    | Noticed a stone giant
 25477 | Orc:1    | Killed a stone giant
 25708 | Orc:1    | You fall through a shaft!
 25716 | Orc:2    | Noticed Rupert
 25725 | Orc:2    | Paralysed by Rupert for 2 turns
 27328 | D:11     | Reached skill level 16 in Fighting
 27406 | D:12     | Learned a level 1 spell: Confusing Touch
 27413 | D:12     | Found a radiant altar of Vehumet.
 28802 | D:11     | Learned a level 2 spell: Call Imp
 29700 | D:13     | Found Nikig's Jewellery Boutique.
 30261 | D:12     | Reached skill level 5 in Spellcasting
 30425 | D:13     | Bought the ring "Wuqadi" {+Blink rN+ AC+2 Dex-3} for 262
                  | gold pieces
 30584 | D:13     | Reached skill level 1 in Axes
 30766 | D:13     | Upgraded the game from 0.23-a0-705-g0e654d2 to
                  | 0.23-a0-709-gaefc81b
 31542 | D:13     | Found a gate to the Vaults.
 32207 | D:13     | Learned a level 1 spell: Animate Skeleton
 33242 | D:14     | Reached skill level 1 in Necromancy
 34186 | D:13     | Found an ancient bone altar of Kikubaaqudgha.
 34955 | Lair:3   | Reached XP level 14. HP: 86/126 MP: 23/23
 35226 | Lair:3   | Found a staircase to the Swamp.
 35308 | Lair:4   | Noticed Nessos
 35321 | Lair:4   | Killed Nessos
 35504 | Lair:4   | Noticed Urug
 35605 | Lair:4   | Found a glowing golden altar of the Shining One.
 35741 | Lair:4   | Killed Urug
 35741 | Lair:4   | Reached skill level 5 in Axes
 35858 | Lair:4   | Noticed Josephine
 35925 | Lair:4   | Killed Josephine
 36212 | Lair:4   | Found a hole to the Spider Nest.
 36753 | Lair:4   | Reached skill level 17 in Fighting
 38984 | Lair:5   | Identified the Guide on Boosting Transmutation
 38989 | Lair:5   | Learned a level 2 spell: Sticks to Snakes
 38991 | Lair:5   | Learned a level 1 spell: Apportation
 39085 | Lair:6   | Entered Level 6 of the Lair of Beasts
 40074 | D:9      | Bought the ring of Zepluawk {Fire rN+ Dex+3} for 510 gold
                  | pieces
 40405 | Lair:6   | Found a staircase to the Slime Pits.
 42564 | D:15     | Entered Level 15 of the Dungeon
 42724 | D:13     | HP: 3/128 [red ugly thing (15)]
 43373 | Orc:2    | Noticed Donald
 43589 | Swamp:1  | Entered Level 1 of the Swamp
 43603 | Swamp:1  | Noticed a thorn hunter
 44012 | Lair:3   | HP: 1/128 [thorn hunter (17)]
 44017 | Lair:3   | Killed a thorn hunter
 44439 | Swamp:1  | Found a runed door.
 44527 | Swamp:1  | Noticed Silverhawk's ghost (journeyman DDFi)
 44529 | Swamp:1  | Identified the +8 spear of Xiosmy Antu {pierce, rC- MR+
                  | Str+4}
 44935 | Spider:1 | Entered Level 1 of the Spider Nest
 45379 | Spider:1 | Reached XP level 15. HP: 135/135 MP: 27/27
 46108 | Lair:4   | Upgraded the game from 0.23-a0-709-gaefc81b to
                  | 0.23-a0-712-g3a644c0
 48321 | D:14     | Reached skill level 18 in Fighting
 48545 | D:15     | Got a pitted glass ring
 48552 | D:15     | Identified the ring of Circularity {rC+ MP+9 Stlth+} (You
                  | found it on level 15 of the Dungeon)
 50068 | D:15     | Found a staircase to the Depths.
 50404 | Depths:1 | Entered Level 1 of the Depths
 51101 | Orc:1    | Killed Donald
 51101 | Orc:1    | Reached skill level 10 in Axes
 52516 | Orc:2    | Noticed Sonja
 53013 | Orc:1    | Reached XP level 16. HP: 136/145 MP: 29/29
 53375 | Orc:1    | Killed Sonja
 53405 | Orc:1    | Upgraded the game from 0.23-a0-712-g3a644c0 to
                  | 0.23-a0-713-ge59bbb1
 53662 | Orc:2    | Found Maturch's Jewellery Emporium.
 53662 | Orc:2    | Found Xopu's Book Shop.
 53663 | Orc:2    | Found Luill's Jewellery Boutique.
 53663 | Orc:2    | Found Nemodoiwk's Magic Scroll Emporium.
 53807 | Orc:2    | Found a roughly hewn altar of Beogh.
 53869 | Orc:2    | Killed Rupert
 53905 | Orc:2    | Bought a scroll of brand weapon for 300 gold pieces
 53906 | Orc:2    | Bought a scroll of fog for 30 gold pieces
 53906 | Orc:2    | Bought a scroll of teleportation for 45 gold pieces
 53906 | Orc:2    | Bought a scroll of magic mapping for 52 gold pieces
 54022 | Orc:2    | Found a roughly hewn altar of Beogh.
 54059 | Orc:2    | Found a staircase to the Elven Halls.
 54315 | Elf:1    | Entered Level 1 of the Elven Halls
 55430 | Elf:1    | Reached skill level 19 in Fighting
 57073 | Elf:1    | Learned a level 2 spell: Blink
 58875 | Slime:1  | Entered Level 1 of the Pits of Slime
 61081 | Lair:6   | Identified the +2 scale mail of Iriyczua {rC- MR+ Dex+2
                  | Stlth+} (You found it on level 6 of the Lair of Beasts)
 61446 | Depths:1 | Found a gateway to a ziggurat.
 61674 | Depths:1 | Reached XP level 17. HP: 145/153 MP: 30/30
 62253 | Depths:1 | Mangled by a fire giant

Vault maps used:
D:1:      minmay_arrival_solitary_statue
D:2:      zin_purify, minmay_pentomino_q4
D:3:      lemuel_crystal_altar, lemuel_doored_altar,
          grunt_temple_overflow_diamond, first_ration
D:5:      grunt_ministairs_5, hangedman_decor_peaks_small
D:6:      minmay_flawed_box, lemuel_crystal_altar, serial_shops, kennysheep_mini
D:7:      minmay_temple_entry_drinking_statues, enter_bailey_3
D:8:      nicolae_overflow_crystal_walls, serial_shops,
          nicolae_shop_overgrown_old_shop, grunt_livestock,
          lightli_corner_chamber
D:9:      dpeg_oklobed_lair, david_orc_1_choice, minivault_16
D:10:     serial_shops, shop
D:11:     serial_shops, shop, uniq_psyche, uniq_erolcha
D:12:     basic_altar
D:13:     hangedman_vaults_entry_quadrant_bands, serial_shops, shop,
          lemuel_statue_altar
D:14:     infiniplex_staircase_hallway_doors
D:15:     grunt_enter_depths_snipers, hangedman_abyss_or_decor_clamps,
          nrook_guardian_serpent_ordinary
Lair:1:   dragon1_lemuel, uniq_gastronok, uniq_fannar
Lair:2:   lemuel_fruit_tree, serial_bayou_shore_b, infiniplex_staircase_pool_2
Lair:3:   palyth_hydra_swamp_entry, st_stairs_6, minivault_26,
          grunt_megastairs_1
Lair:4:   nicolae_spider_entry_non_spiders, gauntlet_entry_generic,
          lemuel_centaur_altar, serial_bayou_shore_a, uniq_nessos, uniq_urug,
          uniq_josephine
Lair:5:   minmay_lindwurm_lava
Lair:6:   grunt_lair_end_beastmaster, minmay_slime_entry_oklob_open,
          minivault_11, fungi_pond_lemuel
Swamp:1:  ebering_ghost_funeral_grove, evilmike_swamp_ruin_house_5, swamp_pool5,
          nicolae_swamp_rocky_clearing, infiniplex_staircase_pool
Orc:1:    cheibrodos_orc_guarddog
Orc:2:    st_orc_ogre_mass, basic_altar, minmay_orc_temple_a, uniq_sonja,
          uniq_donald, uniq_rupert
Elf:1:    minmay_elf_crystal_hexagon
Depths:1: enter_ziggurat_f, minmay_misc_feat_ornament,
          grunt_pan_entry_in_and_out, hangedman_coc_ice_floe,
          marbit_kobold_abyss_entry, nemelex_diamond_rough_becter

Skill      XL: |  1  2  3  4  5  6  7  8  9 10 11 12 13 14 15 16 |
---------------+-------------------------------------------------+-----
Crossbows      | 2 3 4 5 6 7 10 | 10.0
Fighting       | 2 3 4 5 7 9 11 12 15 16 17 18 19 | 19.7
Throwing       | 3 6 7 |  7.2
Stealth        | 2 3 |  3.0
Spellcasting   | 3 6 8 9 |  9.8
Summonings     | 1 3 |  3.0
Axes           | 4 8 10 12 | 12.7
Necromancy     | 1 |  1.0
Shields        | 4 |  4.4
Polearms       | |  1.5
Armour         | |  2.4

Action                   |  1- 3 |  4- 6 |  7- 9 | 10-12 | 13-15 | 16-18 || total
-------------------------+-------+-------+-------+-------+-------+-------++-------
Melee: Short sword       |       |       |     1 |   205 |    98 |       ||   304
       Battleaxe         |       |       |       |       |  1045 |   435 ||  1480
       Halberd           |       |       |       |       |    34 |       ||    34
       Scimitar          |       |       |       |       |    27 |     9 ||    36
 Fire: Hand crossbow     |    98 |   105 |    49 |   589 |   266 |    77 ||  1184
       Hunting sling     |       |       |   280 |   163 |   433 |       ||   876
       Blowgun           |       |       |   111 |   243 |    18 |    50 ||   422
Throw: Stone             |       |       |     1 |       |     8 |       ||     9
       Tomahawk          |       |       |       |       |   170 |    33 ||   203
       Throwing net      |       |       |       |       |     4 |       ||     4
       Javelin           |       |       |       |       |       |    17 ||    17
 Cast: Call Imp          |       |       |       |       |    42 |       ||    42
Invok: Call Merchant     |       |       |       |     1 |       |       ||     1
       Potion Petition   |       |       |       |       |     8 |     5 ||    13
 Abil: Stop Flying       |       |       |       |       |     4 |       ||     4
       Evoke Flight      |       |       |       |       |     4 |       ||     4
Evoke: Wand              |       |     8 |     6 |    24 |    27 |       ||    65
       Box of beasts     |       |       |       |       |     1 |       ||     1
  Use: Scroll            |     4 |     5 |    10 |    14 |    23 |     2 ||    58
 Stab: Paralysed         |       |       |       |       |     9 |       ||     9
       Distracted        |       |       |       |       |     2 |     1 ||     3
       Invisible         |       |       |       |       |     5 |     4 ||     9
       Confused          |       |       |       |       |       |     1 ||     1
Armor: Ring mail         |    24 |       |       |       |       |       ||    24
       Acid dragon scale |     7 |    17 |    62 |   161 |       |       ||   247
       Scale mail        |       |       |       |   154 |  1079 |   246 ||  1479
Dodge: Dodged            |    34 |    15 |   256 |   552 |  1564 |   326 ||  2747
       Rpst.: Scimitar   |       |       |       |       |     4 |     1 ||     5

Table legend:
 A = Non-vault XP
 B = Vault XP
 C = Vault XP percentage of total XP
 D = Non-vault monster count
 E = Vault monster count
 F = Vault count percentage of total count
                 A         B        C        D         E       F
            +---------+---------+-------+---------+---------+-------
      Total |  160137 |   64764 |  28.8 |     725 |     183 |  20.2
            +---------+---------+-------+---------+---------+-------
        D:1 |      33 |       0 |   0.0 |      19 |       0 |   0.0
        D:2 |      42 |       5 |  10.6 |      17 |       3 |  15.0
        D:3 |      64 |       0 |   0.0 |      18 |       0 |   0.0
        D:4 |     225 |       0 |   0.0 |      16 |       0 |   0.0
        D:5 |     643 |      46 |   6.7 |      14 |       2 |  12.5
        D:6 |    1262 |     281 |  18.2 |      23 |       8 |  25.8
        D:7 |     280 |     421 |  60.1 |       7 |       6 |  46.2
        D:8 |    2331 |     339 |  12.7 |      23 |       4 |  14.8
        D:9 |    1430 |    1108 |  43.7 |      26 |      10 |  27.8
       D:10 |    3015 |       0 |   0.0 |      40 |       0 |   0.0
       D:11 |    4687 |    1454 |  23.7 |      34 |       2 |   5.6
       D:12 |    6821 |     761 |  10.0 |      35 |       1 |   2.8
       D:13 |    5422 |    3347 |  38.2 |      30 |      19 |  38.8
       D:14 |   14323 |       0 |   0.0 |      36 |       0 |   0.0
       D:15 |    8961 |    2990 |  25.0 |      31 |       5 |  13.9
     Lair:1 |    7875 |    1715 |  17.9 |      24 |       2 |   7.7
     Lair:2 |    6220 |       0 |   0.0 |      27 |       0 |   0.0
     Lair:3 |    5238 |    3826 |  42.2 |      14 |      12 |  46.2
     Lair:4 |    7375 |    5151 |  41.1 |      32 |      20 |  38.5
     Lair:5 |    4632 |    6338 |  57.8 |      16 |      11 |  40.7
     Lair:6 |   16150 |    7631 |  32.1 |      55 |      15 |  21.4
    Swamp:1 |    6456 |       0 |   0.0 |      20 |       0 |   0.0
   Spider:1 |    5580 |       0 |   0.0 |      16 |       0 |   0.0
    Slime:1 |    2188 |       0 |   0.0 |       2 |       0 |   0.0
      Orc:1 |    6851 |   14819 |  68.4 |      62 |      31 |  33.3
      Orc:2 |    4338 |   11609 |  72.8 |      26 |      26 |  50.0
      Elf:1 |   22708 |    2913 |  11.4 |      40 |       5 |  11.1
   Depths:1 |   14987 |      10 |   0.1 |      22 |       1 |   4.3
            +---------+---------+-------+---------+---------+-------
